 Dungeon Crawl Stone Soup version 0.20.1-1-g8b1a95d (webtiles) character file.

140 Irenicus the Insei (level 5, -2/43 HPs)
             Began as a Deep Dwarf Transmuter on Oct 20, 2017.
             Slain by a gnoll
             ... wielding a +0 halberd
              (12 damage)
             ... on level 4 of the Dungeon.
             The game lasted 00:07:36 (2271 turns).

Irenicus the Insei (Deep Dwarf Transmuter)          Turns: 2271, Time: 00:07:36

Health: -2/43      AC:  2    Str: 14    XL:     5   Next: 2%
Magic:  6/8        EV: 12    Int: 13    God:
Gold:   134        SH:  0    Dex: 14    Spells: 2/8 levels left

rFire    . . .     SeeInvis .     - Unarmed
rCold    . . .     Gourm    .   (no shield)
rNeg     . . .     Faith    .   b - +0 robe
rPois    .         Spirit   .   (no helmet)
rElec    .         Reflect  .   (no cloak)
rCorr    .         Harm     .   (no gloves)
MR       .....                  (boots currently unavailable)
Stlth    ++++......             (no amulet)
Regen    0.0/turn               i - ring of stealth
MPRegen  0.2/turn               (no ring)

@: appendage (expiring), very slightly contaminated, non-regenerating
A: damage resistance, heal wounds, talons 3, sense surroundings 1, no
regeneration
a: Heal Wounds, End Transformation


You were on level 4 of the Dungeon.
You were hungry.
You had grown temporary talons.
You visited 1 branch of the dungeon, and saw 4 of its levels.

You collected 134 gold pieces.

Inventory:

Missiles
 a - 27 arrows
Armour
 b - a +0 robe (worn)
Jewellery
 i - a ring of stealth (left hand)
 m - an uncursed amulet of faith {unknown}
 q - a +3 ring of protection {unknown}
Wands
 p - a wand of iceblast (7/15)
Scrolls
 f - 8 scrolls of identify {unknown}
 j - a scroll of random uselessness {unknown}
 k - a scroll of magic mapping {unknown}
 l - a scroll of fear {unknown}
 n - a scroll of enchant weapon {unknown}
 r - 4 scrolls of teleportation {unknown}
Potions
 e - 2 potions of curing
 g - a potion of haste
 o - 3 potions of might {unknown}
 s - 2 potions of mutation {unknown}
 w - a potion of invisibility {unknown}
Books
 c - a book of Changes

   Spells                             Type                      Level
   a - Beastly Appendage              Transmutation                1
   b - Sticks to Snakes               Transmutation                2
   c - Spider Form                    Transmutation/Poison         3
   d - Ice Form                       Ice/Transmutation            4
   e - Blade Hands                    Transmutation                5
Comestibles
 d - 7 bread rations
 h - 2 meat rations
 u - a fruit
 v - 2 royal jellies


   Skills:
 - Level 0.8 Fighting
 - Level 2.1 Dodging
 - Level 4.0 Stealth
 - Level 4.0 Unarmed Combat
 - Level 2.0 Spellcasting
 + Level 2.0 Transmutations


You had 2 spell levels left.
You knew the following spells:

 Your Spells              Type           Power        Failure   Level  Hunger
a - Beastly Appendage     Tmut           #.....       11%         1    ##.....
b - Sticks to Snakes      Tmut           #.......     16%         2    ###....
c - Spider Form           Tmut/Pois      #.........   45%         3    ####...


Dungeon Overview and Level Annotations

Branches:
Dungeon (4/15)
 Temple: D:4-7

Altars:
Dithmenos
Hepliaklqana
Qazlal
Sif Muna
Yredelemnul

Annotations:
D:3 Frank's ghost, amateur OpFi
D:4 Dowan; Duvessa; Eustachio; Sigmund


Innate Abilities, Weirdness & Mutations

You are resistant to damage.
You can heal yourself by infusing magical energy.
You passively map a small area around you.
You do not regenerate.
You have claws for feet.


Message History

A gnoll comes into view. It is wielding a flail of protection.
Casting: Beastly Appendage
Confirm with . or Enter, or press ? or * to list all spells.
You extend your transformation's duration.
The gnoll hits you from afar with a spear!
A gnoll comes into view. It is wielding a halberd.
You closely miss the gnoll.
Your transformation is almost over.
The gnoll hits you with a spear. The gnoll closely misses you.
Casting: Beastly Appendage
Confirm with . or Enter, or press ? or * to list all spells.
You miscast Sticks to Snakes.
You are very lightly contaminated with residual magic.
Your hair momentarily turns into snakes!
The gnoll hits you with a flail of protection!
* * * LOW HITPOINT WARNING * * *
The gnoll closely misses you.
The gnoll hits you from afar with a halberd!
You die...

#.#.#.#........... ... *
#.......#.#....... g.,,,
#####.#.....#....... .#,, ,
....#.###.#.#.########.###.##
###.#.# #.#..................
.##.#.# #.#.#...##.#g#.###.##
* .'..#.# #.#.#... ,$.@.....#
.# .....## ######..# .# , ,
####.#* ,, ,, ....#* , .. ,,
,.....Z+ * , ,* ........#, ,
, ........# , o.......+


You could see 3 gnolls.

Vanquished Creatures
  An orc wizard (D:3)
  4 adders
  A worm (D:2)
  2 dart slugs (D:2)
  A leopard gecko (D:2)
  5 orcs
  2 giant cockroaches (D:2)
  11 goblins
  7 hobgoblins
  2 jackals (D:1)
  3 quokkas
  3 bats
  12 kobolds
  6 rats
60 creatures vanquished.

Notes
Turn   | Place    | Note
-------+----------+-------------------------------------------
     0 | D:1      | Irenicus the Deep Dwarf Transmuter began the quest for the Orb.
     0 | D:1      | Reached XP level 1. HP: 16/16 MP: 3/3
   271 | D:1      | Reached XP level 2. HP: 18/24 MP: 1/5
   565 | D:2      | Found a deep blue altar of Sif Muna.
   565 | D:2      | Found a stormy altar of Qazlal.
   568 | D:2      | Found a hazy altar of Hepliaklqana.
   569 | D:2      | Found a basalt altar of Yredelemnul.
   570 | D:2      | Found a shadowy altar of Dithmenos.
   666 | D:2      | Reached XP level 3. HP: 15/30 MP: 4/6
  1157 | D:2      | Reached skill level 1 in Stealth
  1528 | D:3      | Reached XP level 4. HP: 6/37 MP: 5/7
  1545 | D:3      | HP: 1/37 [orc/trident (5)]
  1754 | D:3      | Noticed Frank's ghost (amateur OpFi)
  1829 | D:2      | Learned a level 2 spell: Sticks to Snakes
  1833 | D:2      | Learned a level 3 spell: Spider Form
  2146 | D:3      | Reached XP level 5. HP: 24/43 MP: 6/8
  2236 | D:4      | Noticed Dowan
  2237 | D:4      | Noticed Eustachio
  2237 | D:4      | Noticed Duvessa
  2250 | D:4      | Noticed Sigmund
  2271 | D:4      | Slain by a gnoll

Skill      XL: |  1  2  3  4 |
---------------+-------------+-----
Unarmed Combat | 3 4 |  4.0
Spellcasting   | 2 |  2.0
Transmutations | 2 |  2.0
Stealth        | 1 4 |  4.0
Fighting       | |  0.8
Dodging        | |  2.1

Action                   |  1- 3 |  4- 6 || total
-------------------------+-------+-------++-------
Melee: Unarmed           |   147 |    66 ||   213
       Kick              |    12 |     4 ||    16
       Headbutt          |     6 |     6 ||    12
       Punch             |     2 |     3 ||     5
 Cast: Beastly Appendage |    21 |    14 ||    35
 Abil: Heal Wounds       |       |     3 ||     3
  Use: Potion            |     1 |     1 ||     2
 Stab: Sleeping          |     4 |     5 ||     9
  Eat: Chunk             |     3 |     2 ||     5
Armor: Robe              |    16 |     7 ||    23
Dodge: Dodged            |    75 |    39 ||   114
